 Dungeon Crawl Stone Soup version 0.30.1-3-gfc49f6343a (webtiles) character file.

Game seed: 16344904565235042738

2157 sampeng1 the Chopper (level 9, -3/71 HPs)
             Began as a Human Berserker on July 30, 2023.
             Was an Elder of Trog.
             Slain by an orc warrior
             ... wielding a +0 war axe
              (10 damage)
             ... on level 7 of the Dungeon.
             The game lasted 00:16:03 (5786 turns).

sampeng1 the Chopper (Human Berserker)              Turns: 5786, Time: 00:16:04

Health: -3/71      AC: 14    Str: 21      XL:     9   Next: 57%
Magic:  9/9        EV:  8    Int:  8      God:    Trog [****..]
Gold:   243        SH:  0    Dex: 10 (13) Spells: 8/8 levels left

rFire   + . .        u - +0 battleaxe
rCold   . . .        (shield currently unavailable)
rNeg    . . .        f - +2 plate armour
rPois   .            (no helmet)
rElec   .            (no cloak)
rCorr   .            (no gloves)
SInv    .            (no boots)
Will    .....        (no amulet) Stlth
                     p - ring of protection from fire
HPRegen 0.31/turn    (no ring)
MPRegen 0.11/turn

%: no passive effects
@: on berserk cooldown, slowed, very slow
A: no striking features
a: Renounce Religion, Berserk, Trog's Hand, Brothers in Arms


You were on level 7 of the Dungeon.
You worshipped Trog.
Trog was greatly pleased with you.
You visited 1 branch of the dungeon, and saw 7 of its levels.

You collected 348 gold pieces.
You spent 105 gold pieces at shops.

Inventory:

Hand Weapons
 j - the +5 sling of the Lumpy Xeniums {freeze, rC+}
   (You found it on level 3 of the Dungeon)

   rC:        It protects you from cold.
 q - a +0 war axe
 u - a +0 battleaxe (weapon)
Missiles
 b - 3 throwing nets (quivered)
 l - 4 javelins
 s - 6 poisoned darts
Armour
 f - a +2 plate armour (worn)
Jewellery
 p - a ring of protection from fire (left hand)
Scrolls
 c - 6 scrolls of teleportation
 e - 4 scrolls of fog
 k - 2 scrolls of magic mapping
 m - a scroll of torment {unknown}
 o - a scroll of identify
 v - a scroll of enchant armour
Potions
 a - a potion of haste
 d - a potion of mutation
 g - a potion of brilliance
 h - a potion of ambrosia
 i - a potion of curing
 n - a potion of might
 r - a potion of cancellation
 t - a potion of heal wounds


   Skills:
 + Level 6.7 Fighting
 + Level 6.7 Axes
 + Level 6.3 Armour
 + Level 6.3 Dodging


You had 8 spell levels left.
You didn't know any spells.
Your spell library was empty.

Dungeon Overview and Level Annotations

Branches:
Dungeon (7/15)             Temple (0/1) D:5

Altars:
Hepliaklqana
Wu Jian

Shops:
D:2 ?   D:3 :


Message History

The orc priest invokes the aid of Beogh against you.
Pain shoots through your body!
The orc warrior shoots a bolt.
The bolt barely misses you.
You feel a strong urge to attack something.
The orc warrior shoots a bolt.
The bolt hits you!
You feel your anger nearly subside.
You are no longer berserk.
You are exhausted.
You feel yourself slow down.
The orc priest looks braver for a moment.
The orc warrior unwields a +0 arbalest.
The orc warrior wields a +0 war axe.
The orc warrior hits you with a +0 war axe.
You barely miss the orc warrior. You closely miss the orc priest.
You closely miss something.
The orc priest hits you with a +2 hand axe of freezing.
The orc priest freezes you. Something hits you but does no damage.
The orc warrior hits you but does no damage.
You hear some strange, mumbled words.
A magic dart appears from out of thin air!
The magic dart hits you.
The orc priest mumbles some strange prayers to Beogh against you.
You struggle to resist.
The orc warrior hits you with a +0 war axe!
You completely miss the orc warrior. You barely miss the orc priest.
You miss something.
The orc priest calls down the wrath of Beogh upon you.
Beogh smites you!
* * * LOW HITPOINT WARNING * * *
You hear some strange, mumbled words.
A magic dart appears from out of thin air!
The magic dart hits you but does no damage.
The orc warrior hits you with a +0 war axe.
* * * LOW HITPOINT WARNING * * *
Something hits you.
* * * LOW HITPOINT WARNING * * *
The orc priest hits you with a +2 hand axe of freezing.
* * * LOW HITPOINT WARNING * * *
The orc priest freezes you.
* * * LOW HITPOINT WARNING * * *
The orc warrior hits you with a +0 war axe!
You die...

#.##..#
#.##..###.# .#
#.........# .#
####..##### .#
#...#######.#
#.#.........#
#...#######.######
###.#######o......
#....)..@{#
########.o# #..#
#.... ######


You could see an orc warrior and an orc priest.

Vanquished Creatures
  Pikel (D:5)
  Grinder (D:6)
  A wyvern (D:4)
  2 ogres (D:5)
  4 phantoms
  A bullfrog (D:4)
  3 scorpions
  A howler monkey (D:4)
  A hound (D:6)
  A quasit (D:6)
  2 orc priests
  A jelly (D:5)
  5 iguanas
  2 sleepcaps (D:6)
  7 adders
  6 gnolls (D:4)
  3 shadow imps (D:6)
  2 white imps
  3 ufetubi
  3 worms (D:2)
  2 dart slugs (D:4)
  15 orcs
  7 ball pythons
  7 bats
  7 endoplasms
  3 giant cockroaches
  7 goblins
  6 hobgoblins
  7 jackals
  11 kobolds
  6 quokkas
  2 frilled lizards
  2 rats
132 creatures vanquished.

Notes
Turn   | Place    | Note
-------+----------+-------------------------------------------
     0 | D:1      | sampeng1 the Human Berserker began the quest for the Orb.
     0 | D:1      | Reached XP level 1. HP: 18/18 MP: 1/1
   145 | D:1      | Reached XP level 2. HP: 23/24 MP: 2/2
   215 | D:1      | Found a faded altar of an unknown god.
   323 | D:1      | Reached XP level 3. HP: 17/29 MP: 3/3
  1105 | D:2      | Reached ** piety under Trog
  1218 | D:2      | Reached XP level 4. HP: 20/35 MP: 4/4
  1457 | D:2      | Found Mevvir's Magic Scroll Shoppe.
  1495 | D:2      | Bought a scroll of enchant weapon for 105 gold pieces
  1695 | D:3      | Found Huomil's Book Shoppe.
  1707 | D:3      | Identified the +5 sling of the Lumpy Xeniums {freeze, rC+}
  1824 | D:3      | Reached XP level 5. HP: 32/42 MP: 5/5
  1873 | D:3      | Found a hazy altar of Hepliaklqana.
  2053 | D:3      | Found an ornate altar of the Wu Jian Council.
  2077 | D:3      | Noticed a phantom
  2092 | D:3      | Killed a phantom
  2093 | D:3      | Reached XP level 6. HP: 41/48 MP: 6/6
  2652 | D:4      | Reached *** piety under Trog
  2720 | D:4      | Reached XP level 7. HP: 47/55 MP: 7/7
  2835 | D:4      | Noticed a wyvern
  2847 | D:4      | Killed a wyvern
  3581 | D:5      | Entered Level 5 of the Dungeon
  3595 | D:5      | Reached skill level 5 in Fighting
  3595 | D:5      | Reached skill level 5 in Axes
  3597 | D:5      | Reached XP level 8. HP: 55/62 MP: 8/8
  3754 | D:5      | Noticed Pikel
  3770 | D:5      | Killed Pikel
  3771 | D:5      | Reached skill level 5 in Armour
  3771 | D:5      | Reached skill level 5 in Dodging
  3947 | D:5      | Found a staircase to the Ecumenical Temple.
  4117 | D:5      | Reached XP level 9. HP: 61/69 MP: 9/9
  4753 | D:6      | Noticed Grinder
  4766 | D:6      | Paralysed by Grinder for 4 turns
  4779 | D:6      | Killed Grinder
  5367 | D:6      | Reached **** piety under Trog
  5786 | D:7      | Slain by an orc warrior

Illustrated notes

Levels and vault maps discovered:
D:1:      ebering_trefoil_3fold, layout_basic,
          hellmonk_ecumenical_altar_slurped_away
D:2:      layout_loops_ring, serial_shops, shop, minmay_misc_feat_rows
D:3:      layout_loops_ring, mainiacjoe_overflow_catch_the_wave, serial_shops,
          shop
D:4:      layout_basic
D:5:      layout_rooms, minmay_temple_entry_glass, uniq_pikel
D:6:      nicolae_cairo_tiling_large_dashed, layout_loops_cross, serial_demonic,
          serial_demonic_a, serial_demonic_f, serial_demonic_c,
          serial_demonic_f, uniq_grinder
D:7:      layout_loops_ring, serial_bayou_pond_a, grunt_decor_cap,
          minmay_lizard_king

Skill      XL: |  1  2  3  4  5  6  7  8  9 |
---------------+----------------------------+-----
Armour         | 3 4 5 6 |  6.3
Axes           | 4 5 6 |  6.7
Dodging        | 3 4 5 6 |  6.3
Fighting       | 4 5 6 |  6.7

Action                     |  1- 3 |  4- 6 |  7- 9 || total
---------------------------+-------+-------+-------++-------
  Melee: Hand axe          |    90 |   115 |   111 ||   316
         Punch             |       |     1 |     1 ||     2
         Battleaxe         |       |       |   119 ||   119
 Invoke: Berserk           |       |       |     3 ||     3
    Use: Scroll            |     4 |     7 |     6 ||    17
         Potion            |     1 |     4 |     3 ||     8
 Armour: Leather armour    |    11 |       |       ||    11
         Animal skin       |     1 |       |       ||     1
         Plate armour      |    25 |    87 |   176 ||   288
         Skin              |       |     4 |       ||     4
  Dodge: Dodged            |    62 |    34 |   103 ||   199
